 Dungeon Crawl Stone Soup version 0.18-a0-1045-g4e042de (webtiles) character file.

144 tof the Agent of Entropy (level 5, 0/63 HPs)
             Began as a Demonspawn Abyssal Knight on Jan 11, 2016.
             Was a Priest of Lugonu.
             Succumbed to an adder's poison
             ... in a sewer.
             The game lasted 00:10:49 (3244 turns).

tof the Agent of Entropy (DsAK)                     Turns: 3244, Time: 00:10:49

Health: 0/63       AC: 22    Str: 17    XL:     5   Next: 5%
Magic:  7/7        EV:  2    Int: 13    God:    Lugonu [***...]
Gold:   85         SH:  0    Dex: 14    Spells: 0 memorised, 4 levels left

rFire  . . .     SeeInvis .     a - +1 falchion
rCold  . . .     Gourm    .     (armour currently unavailable)
rNeg   + + +     Faith    .     (no shield)
rPois  +         Spirit   .     (helmet currently unavailable)
rElec  .         Dismiss  .     (cloak currently unavailable)
rCorr  .         Reflect  .     (gloves currently unavailable)
SustAt .         Harm     .     (boots currently unavailable)
MR     .....     NoTele   +     (no amulet)
Stlth  +.........               (no ring)
                                (no ring)

@: mighty, lethally poisoned (0 -> -2), tree-form, very slightly contaminated,
invisible, not resistant to hostile enchantments, very unstealthy
A: (antennae 0), rugged brown scales 1, demonic guardian 1
a: Depart the Abyss, Bend Space, Banish, Renounce Religion


You were in a sewer.
You worshipped Lugonu.
Lugonu was most pleased with you.
You were not hungry.
You were a tree.
You visited 1 branch of the dungeon, and saw 3 of its levels.
You visited the Abyss 1 time.
You also visited: Sewer.

You collected 85 gold pieces.

Inventory:

Hand Weapons
 a - a +1 falchion (weapon)
 b - a +0 hunting sling
Missiles
 o - 54 stones (quivered)
 s - 13 exploding sling bullets
Armour
 n - a +0 leather armour (melded)
Scrolls
 j - 2 scrolls of identify
 k - a scroll of recharging
 m - 2 scrolls of magic mapping
 q - a scroll of remove curse
Potions
 e - a potion of might
Comestibles
 c - 3 bread rations
 g - 9 fruits
 r - a chunk of flesh


   Skills:
 + Level 3.5 Fighting
 + Level 2.6 Long Blades
 + Level 0.8 Slings
 + Level 2.5 Armour
 + Level 2.0 Dodging
 + Level 3.7 Invocations


You had 4 spell levels left.
You didn't know any spells.

Dungeon Overview and Level Annotations

Branches:
Dungeon (3/15)

Altars:


Innate Abilities, Weirdness & Mutations

((You have a pair of small antennae on your head.))
(You are partially covered in rugged brown scales (AC +1, +3% HP).)
A weak demonic guardian rushes to your aid.


Message History

You are very lightly contaminated with residual magic.
Drink which item? (? for menu, Esc to quit)
It was a potion of lignification.
You turn into a tree.
Your +0 leather armour melds into your body.
Your roots penetrate the ground.
* * * LOW HITPOINT WARNING * * *
You feel sick.
The adder bites you but does no damage. x3
Read which item? (? for menu, Esc to quit)
As you read the scroll labeled JERUCA WOBULY, it crumbles to dust.
It is a scroll of recharging.
You aren't carrying any rechargeable items.
The adder bites you but does no damage. x3
Read which item? (? for menu, Esc to quit)
As you read the scroll labeled SARURO LATAXT, it crumbles to dust.
The scroll dissolves into smoke.
It was a scroll of fog.
The adder barely misses you. The adder bites you but does no damage.
Read which item? (? for menu, Esc to quit)
As you read the scroll labeled ZAYWUVVECEO, it crumbles to dust.
You feel blessed for a moment.
It was a scroll of remove curse.
You die...

#...≈≈≈≈≈≈≈≈#..
##...≈≈≈≈≈≈≈≈≈...
##....≈≈≈≈≈≈≈≈≈...
#.....≈≈≈≈≈≈≈≈....
#......≈≈≈≈≈≈≈....
#......≈≈≈≈§≈≈....
##.....≈≈§§§≈≈.#
#.....≈≈§S§§≈##
##.....§§♣§§.#
####.....§§§S≈..#
#∩###....§§§§≈.....
#.###÷....§≈§≈.....
#..#......≈≈≈≈.....
##........≈≈≈≈.....
##.......≈≈≈≈.....
##.....≈≈≈≈≈.....
#....≈≈≈≈≈


You could see 2 adders.

Vanquished Creatures
  A river rat (Sewer)
  6 adders
  An ooze (D:1)
  A worm (D:2)
  4 giant geckos
  2 ball pythons
  8 giant cockroaches
  8 goblins
  7 hobgoblins
  5 bats
  3 giant newts
  14 kobolds
  11 rats
71 creatures vanquished.

Notes
Turn   | Place    | Note
--------------------------------------------------------------
     0 | Abyss:1  | tof the Demonspawn Abyssal Knight began the quest for the Orb.
     0 | Abyss:1  | Reached XP level 1. HP: 18/18 MP: 2/2
    22 | D:1      | Escaped the Abyss
    54 | D:1      | Reached skill level 1 in Dodging
   528 | D:1      | Gained mutation: You have a pair of small antennae on your head. [demonic ancestry]
   528 | D:1      | Reached XP level 2. HP: 16/24 MP: 3/3
   642 | D:1      | Reached ** piety under Lugonu
   964 | D:1      | You fall through a shaft!
  1106 | D:2      | Reached XP level 3. HP: 27/29 MP: 5/5
  1909 | D:2      | Gained mutation: You are partially covered in rugged brown scales (AC +1, +3% HP). [demonic ancestry]
  1909 | D:2      | Reached XP level 4. HP: 27/36 MP: 6/6
  2899 | D:3      | Found a faded altar to an unknown god.
  2935 | D:3      | Reached *** piety under Lugonu
  2969 | D:3      | Found a glowing drain.
  2999 | Sewer    | Entered a sewer
  3144 | Sewer    | Gained mutation: A weak demonic guardian rushes to your aid. [demonic ancestry]
  3144 | Sewer    | Reached XP level 5. HP: 42/42 MP: 7/7
  3238 | Sewer    | HP: 2/42 [adder (2)]
  3244 | Sewer    | Succumbed to an adder's poison

Vault maps used:
D:1:      denvon_arrival_waterhouse
D:2:      grunt_ministairs_8, lightli_corner_chamber
D:3:      gup_sewer_entry_pipe, ecumenical_altar_2
Abyss:1:  hangedman_decor_lopped
Sewer:    sewer_minmay_treatment

Action                   |  1- 3 |  4- 6 || total
-------------------------+-------+-------++-------
Melee: Falchion          |   123 |   120 ||   243
 Fire: Hunting sling     |     4 |    32 ||    36
  Use: Scroll            |       |     7 ||     7
       Potion            |       |     6 ||     6
  Eat: Chunk             |     3 |     5 ||     8
